 Dungeon Crawl Stone Soup version 0.15-a0-2165-g9981db6 (webtiles) character file.

195 FiftyNine the Changer (level 5, -4/37 HPs)
             Began as a Merfolk Transmuter on July 20, 2014.
             Killed from afar by an orc wizard (5 damage)
             ... with a puff of flame
             ... on Level 3 of the Dungeon.
             The game lasted 00:18:59 (4524 turns).

FiftyNine the Changer (Merfolk Transmuter)          Turns: 4524, Time: 00:19:00

HP  -4/37        AC  6     Str 11      XL: 5   Next: 74%
MP   0/9         EV 11     Int 13      God:
Gold 112         SH  0     Dex 14      Spells:  2 memorised,  5 levels left

rFire  . . .     SeeInvis .     w - 15 arrows
rCold  + . .     Clarity  .     q - +0 leather armour
rNeg   . . .     rCorr    .     (no shield)
rPois  .         rRot     .     (helmet restricted)
rElec  .         Spirit   .     (no cloak)
SustAb .         Warding  .     t - +0 pair of gloves
rMut   .         Stasis   .     r - +1 pair of boots
Gourm  .                        (no amulet)
MR     .....                    (no ring)
                                e - ring of protection from cold

@: appendage (expiring), drained, not resistant to hostile enchantments, very
unstealthy
A: change form in water, swift swim, horns 2
a: End Transformation


You were on level 3 of the Dungeon.
You were not hungry.
You had grown temporary horns.
You visited 1 branch of the dungeon, and saw 4 of its levels.

You collected 112 gold pieces.

Inventory:

Hand weapons
 b - a +1 hunting sling of flaming
 n - a +2 whip of holy wrath
 s - a +3 dagger of venom
Missiles
 h - 50 stones (quivered)
 j - 3 silver javelins
 w - 15 arrows (in hand)
Armour
 q - a +0 leather armour (worn)
 r - a +1 pair of boots (worn)
 t - a +0 pair of gloves (worn)
Comestibles
 a - 4 bread rations
 l - 2 meat rations
 o - 7 fruits
 x - a beef jerky
Scrolls
 m - 3 scrolls of teleportation
 u - a scroll of remove curse
Jewellery
 e - a ring of protection from cold (left hand)
Potions
 f - a potion of restore abilities {unknown}
 g - a potion of might {unknown}
 i - a potion of haste {unknown}
Books
 d - a book of Changes

   Spells                             Type                      Level
   *Beastly Appendage                 Transmutation                1
   *Sticks to Snakes                  Transmutation                2
   Spider Form                        Transmutation/Poison         3
   Ice Form                           Ice/Transmutation            4
   Blade Hands                        Transmutation                5


   Skills:
 - Level 1.1(0.9) Fighting
 + Level 0.1(0.0) Slings
 - Level 2.6(2.5) Dodging
 - Level 3.2(3.1) Unarmed Combat
 - Level 2.0(1.8) Spellcasting
 + Level 7.6(7.4) Transmutations


You had 5 spell levels left.
You knew the following spells:

 Your Spells              Type           Power        Failure   Level  Hunger
a - Beastly Appendage     Trmt           ###...       1%          1    ##.....
b - Sticks to Snakes      Trmt           ###.......   1%          2    ###....


Dungeon Overview and Level Annotations

Branches:
Dungeon (4/15)
 Temple: D:4-7

Altars:
Dithmenos
Trog
Xom
The Shining One


Innate Abilities, Weirdness & Mutations

You revert to your normal form in water.
You are very nimble and swift while swimming.
You have a pair of horns on your head.


Message History

A puff of flame appears from out of thin air!
The puff of flame hits you!
* * * LOW HITPOINT WARNING * * *
Casting: Sticks to Snakes
Confirm with . or Enter, or press ? or * to list all spells.
You grow a pair of large bovine horns.
You miss something. Something hits you.
* * * LOW HITPOINT WARNING * * *
Something hits you.
* * * LOW HITPOINT WARNING * * *
Something hits you.
* * * LOW HITPOINT WARNING * * *
Drink which item? (? for menu, Esc to quit)
Your magical effects are unravelling.
Your magical contamination has completely faded away.
It was a potion of cancellation.
You hear some strange, mumbled words.
A puff of flame appears from out of thin air!
The puff of flame hits you!
You die...

#......#.#...+.#.#
#....###.....#.#.#
#....# ##....#.#.#
#....# #...##.#.#
#....# ##..##.#)#
###### #..##.#.######
##.#.........#
###..###.####.#
#.......@...#.# ####
#.#..###.##.#.#
...######'#...##.##.#.#
............#.##.##.#.#
............#.....#.#.#
............#.....#.#.#
.......[....#.....#.#.#
............###...#.#.#
............#.....#.#.#


There were no monsters in sight!

Vanquished Creatures
  3 adders
  4 worms
  2 giant geckos
  An orc (D:3)
  5 giant cockroaches
  17 goblins
  10 hobgoblins
  5 jackals
  9 kobolds
  11 bats
  2 giant newts
  3 quokkas
  15 rats
  A rat zombie (D:2)
88 creatures vanquished.

Vanquished Creatures (collateral kills)
  A scorpion (D:3)
  An orc wizard (D:4)
  A quasit (D:4)
  2 orcs
  A hobgoblin (D:3)
  A quokka (D:4)
7 creatures vanquished.

Grand Total: 95 creatures vanquished

Notes
Turn   | Place    | Note
--------------------------------------------------------------
     0 | D:1      | FiftyNine, the Merfolk Transmuter, began the quest for the Orb.
     0 | D:1      | Reached XP level 1. HP: 15/15 MP: 3/3
   266 | D:1      | Reached XP level 2. HP: 16/21 MP: 2/4
   529 | D:1      | Reached skill level 4 in Transmutations
   831 | D:1      | Reached XP level 3. HP: 26/26 MP: 4/6
  1124 | D:1      | Reached skill level 5 in Transmutations
  1942 | D:2      | Reached XP level 4. HP: 25/32 MP: 5/7
  2069 | D:2      | Learned a level 2 spell: Sticks to Snakes
  2368 | D:2      | Reached skill level 6 in Transmutations
  3026 | D:3      | Found a bloodstained altar of Trog.
  3199 | D:3      | Reached XP level 5. HP: 37/37 MP: 7/9
  3436 | D:3      | Found a glowing golden altar of the Shining One.
  3436 | D:3      | Found a shadowy altar of Dithmenos.
  3477 | D:3      | Found a shimmering altar of Xom.
  3477 | D:3      | You fall through a shaft!
  3520 | D:4      | Reached skill level 7 in Transmutations
  4523 | D:3      | HP: 1/37 [something (3)]
  4524 | D:3      | Killed from afar by an orc wizard

Action                   |  1- 3 |  4- 6 || total
-------------------------+-------+-------++-------
Melee: Unarmed           |   180 |   121 ||   301
 Fire: Hunting sling     |       |    10 ||    10
Throw: Stone             |    22 |    12 ||    34
 Cast: Beastly Appendage |    28 |    23 ||    51
       Sticks to Snakes  |       |    12 ||    12
  Use: Scroll            |     4 |     5 ||     9
       Potion            |       |     1 ||     1
 Stab: Sleeping          |     1 |       ||     1
  Eat: Chunk             |     4 |     8 ||    12
       Pizza             |       |     1 ||     1
